 Dungeon Sprint DCSS version 0.26.1-2-gb8aa6d0cf2 (webtiles) character file.

Game seed: 11718347001819231264

28 Groucho the Covert (level 3, -4/16 HPs)
             Began as a Spriggan Enchanter on Feb 27, 2021.
             Drowned by a water elemental (5 damage)
             ... in the Dungeon (Sprint III: "The Ten Rune Challenge").
             The game lasted 00:02:24 (788 turns).

Groucho the Covert (Spriggan Enchanter)              Turns: 788, Time: 00:02:24

Health: -4/16      AC:  2    Str:  5    XL:     3   Next: 0%
Magic:  6/9        EV: 18    Int: 18    God:
Gold:   23         SH:  0    Dex: 18    Spells: 1/10 levels left

rFire    . . .     SeeInvis +   a - +1 dagger
rCold    . . .     Faith    .   (shield restricted)
rNeg     . . .     Spirit   .   b - +0 robe
rPois    .         Reflect  .   (helmet restricted)
rElec    .         Harm     .   (no cloak)
rCorr    .         Rampage  .   (gloves unavailable)
Will     .....     NoTele   +   (boots unavailable)
Stlth    ++++......             (no amulet)
HPRegen  0.05/turn              (no ring)
MPRegen  0.11/turn              (no ring)

@: confusing touch, engulfed (cannot breathe), very quick
A: very small, unfitting armour, see invisible, agile 1, clever 1, speed 3
a: no special abilities


You were in the Dungeon.
You visited 1 branch You collected 23 gold pieces.

Inventory:

Hand Weapons
 a - a +1 dagger (weapon)
Armour
 b - a +0 robe (worn)
Scrolls
 c - a scroll of immolation {unknown}
 d - 3 scrolls of identify
 e - 3 scrolls of fog {unknown}
 h - a scroll of holy word {unknown}
 i - a scroll of blinking
 j - a scroll of remove curse {unknown}
Potions
 f - 4 potions of flight
 g - 2 potions of magic
 k - a potion of berserk rage
 l - 3 potions of mutation


   Skills:
 - Level 1.1 Short Blades
 - Level 3.0 Dodging
 * Level 8.0 Stealth
 + Level 4.4 Spellcasting
 + Level 5.1 Hexes


You had one spell level left.
You knew the following spells:

 Your Spells              Type           Power        Failure   Level
a - Corona                Hex            24%          1%          1
b - Ensorcelled Hibernat  Hex/Ice        26%          8%          2
c - Confusing Touch       Hex            22%          5%          3
d - Dazzling Flash        Conj/Hex       26%          16%         3

Your spell library contained the following spells:

 Spells                   Type           Power        Failure   Level
 Tukima's Dance           Hex            22%          5%          3


Dungeon Overview and Level Annotations

Branches:
Dungeon (1/1)

Altars:


Innate Abilities, Weirdness & Mutations

You are very small and have problems with some larger weapons.
You are too small for most types of armour.
You have supernaturally acute eyesight. (SInv)
You cover ground extremely quickly.
You are agile. (Dex +2)
Your mind is acute. (Int +2)


Message History

There is an open door to the Ecumenical Temple here.
Cast which spell? (? or * to list)
The spell is extremely dangerous to cast (5% risk of failure)!
Continue anyway?
Your hands begin to glow red.
The water elemental hits you!
Ouch! That really hurt!
* * * LOW HITPOINT WARNING * * *
Unknown command.
You hit the water elemental but do no damage.
The water elemental barely misses you.
Unknown command.
You hit the water elemental but do no damage.
The water elemental misses you.
You hit the water elemental but do no damage.
The water elemental hits you.
* * * LOW HITPOINT WARNING * * *
The water elemental engulfs you in water!
Unknown command.
Unknown command.
You hit the water elemental but do no damage.
You die...

▓▓▓▓▓▓▓▓ ▓▓▓ <..#)..####
##.# ...#......#####..#
..##.......#..#..#
##.##.##...#..#..###+#+##
##.##.###..##'#..#.......
#†####.##..###..@E.⌠.....
.###..##..####...#...####
#.....##..###....#.⌠.#
###..##...##.....#...#
##..##....#......#+###
#..###..##.#.....# #..#
#.. ####....# ▓▓▓▓ ▓▓▓
▓▓▓▓▓▓


You could see a water elemental.

Vanquished Creatures
  A human (D)
  An ooze (D)
  A phantom (D)
  3 rats (D)
6 creatures vanquished.

Notes
Turn   | Place    | Note
-------+----------+-------------------------------------------
     0 | D        | Groucho the Spriggan Enchanter began the quest for the Orb.
     0 | D        | Reached XP level 1. HP: 9/9 MP: 5/5
   209 | D        | Reached skill level 5 in Stealth
   227 | D        | Reached skill level 6 in Stealth
   356 | D        | Reached skill level 7 in Stealth
   356 | D        | Reached skill level 5 in Hexes
   356 | D        | Reached XP level 2. HP: 6/13 MP: 8/8
   657 | D        | Learned a level 2 spell: Ensorcelled Hibernation
   696 | D        | Reached skill level 8 in Stealth
   696 | D        | Reached XP level 3. HP: 16/16 MP: 9/9
   753 | D        | Learned a level 3 spell: Confusing Touch
   757 | D        | Learned a level 3 spell: Dazzling Flash
   774 | D        | Gained mutation: You are agile. (Dex +2) [potion of
                  | mutation]
   774 | D        | Gained mutation: Your mind is acute. (Int +2) [potion of
                  | mutation]
   781 | D        | Noticed a water elemental
   788 | D        | Drowned by a water elemental

Illustrated notes

Levels and vault maps discovered:
D:        dungeon_sprint_mu [sprint_mu_entry_cave, sprint_mu_temple_rooms,
          sprint_mu_d1_spiders, sprint_mu_d2_genie, sprint_mu_d3_branching,
          sprint_mu_orc_legion, sprint_mu_elf_gauntlet, sprint_mu_hive_nellie,
          sprint_mu_lair_fedhas, sprint_mu_vaults_butterflies,
          sprint_mu_slime_circle, sprint_mu_shoals_kraken,
          sprint_mu_snake_twists, sprint_mu_blade_basic,
          sprint_mu_crypt_fortress, sprint_mu_tomb_spiral,
          sprint_mu_vestibule_basic, sprint_mu_gehenna_hellfire,
          sprint_mu_dis_giant, sprint_mu_tartarus_statrot,
          sprint_mu_cocytus_islands, sprint_mu_zot1]

Skill      XL: |  1  2 |
---------------+-------+-----
Stealth        | 7 8 |  8.0
Spellcasting   | 4 |  4.4
Hexes          | 5 |  5.1
Short Blades   | |  1.1
Dodging        | |  3.0

Action                   || total
-------------------------++-------
Melee: Dagger            ||    44
 Cast: Confusing Touch   ||     1
  Use: Potion            ||     6
 Stab: Sleeping          ||     3
Armor: Robe              ||     1
Dodge: Dodged            ||    24
